 Dungeon Crawl Stone Soup version 0.27.0-66-gdc8fb28755 (webtiles) character file.

Game seed: 4082023333389734601

1022 ZARRMARR the Chiller (level 8, -11/56 HPs)
             Began as a Merfolk Ice Elementalist on Aug 19, 2021.
             Was an Initiate of Sif Muna.
             Mangled by an orc wizard (18 damage)
             ... on level 4 of the Dungeon.
             The game lasted 00:33:06 (6137 turns).

ZARRMARR the Chiller (Merfolk Ice Elementalist)     Turns: 6137, Time: 00:33:07

Health: -11/56     AC:  3    Str:  8    XL:     8   Next: 22%
Magic:  15/15      EV: 14    Int: 16    God:    Sif Muna [......]
Gold:   244        SH:  0    Dex: 21    Spells: 12/16 levels left

rFire    . . .     SeeInvis .   l - +0 scythe (protect)
rCold    . . .     Faith    .   (shield currently unavailable)
rNeg     + . .     Spirit   .   a - +0 robe
rPois    .         Reflect  .   (no helmet)
rElec    .         Harm     .   k - +0 cloak
rCorr    .         Rampage  .   (no gloves)
Will     .....                  (no boots)
Stlth    +++.......             (no amulet)
HPRegen  0.18/turn              i - +6 ring of dexterity
MPRegen  0.14/turn              m - ring of positive energy

@: no status effects
A: (nimble swimmer 2), mertail
a: Renounce Religion


You were on level 4 of the Dungeon.
You worshipped Sif Muna.
Sif Muna was noncommittal.
You visited 2 branches of the dungeon, and saw 6 of its levels.

You collected 244 gold pieces.

Inventory:

Hand Weapons
 l - a +0 scythe of protection (weapon)
Missiles
 c - 2 atropa-tipped darts
 d - 8 poisoned darts (quivered)
 e - 149 stones
 f - a throwing net
Armour
 a - a +0 robe (worn)
 k - a +0 cloak (worn)
Jewellery
 i - a +6 ring of dexterity (left hand)
 m - a ring of positive energy (right hand)
Wands
 n - a wand of paralysis (7)
Scrolls
 h - 2 scrolls of fear
 j - a scroll of enchant weapon {unknown}
Potions
 b - a potion of heal wounds
 g - a potion of attraction {unknown}


   Skills:
 + Level 2.0 Fighting
 + Level 4.9 Polearms
 - Level 1.5 Throwing
 + Level 4.1 Dodging
 + Level 3.3 Stealth
 + Level 4.9 Spellcasting
 + Level 7.3 Ice Magic


You had 12 spell levels left.
You knew the following spells:

 Your Spells              Type           Power      Damage    Failure   Level
a - Freeze                Ice            100%       1d11      1%          1
b - Frozen Ramparts       Ice            54%        1d7       2%          3

Your spell library contained the following spells:

 Spells                   Type           Power      Damage    Failure   Level
 Ozocubu's Armour         Ice            27%        N/A       2%          3
 Passwall                 Tmut/Erth      2%         N/A       24%         2
 Static Discharge         Conj/Air       3%         N/A       24%         2
 Hailstorm                Conj/Ice       15%        3d5       34%         4
 Dazzling Flash           Conj/Hex       6%         N/A       43%         3
 Swiftness                Air            3%         N/A       43%         3
 Agony                    Necr           3%         N/A       99%         5
 Lightning Bolt           Conj/Air       1%         1d12      99%         5
 Silence                  Hex/Air        1%         N/A       99%         5
 Ozocubu's Refrigeration  Ice            13%        4d7       99%         7
 Invisibility             Hex            1%         N/A       100%        6
 Maxwell's Capacitive Co  Air            1%         ∞         100%        8


Dungeon Overview and Level Annotations

Branches:
Dungeon (5/15)             Temple (1/1) D:5

Altars:
Cheibriados
Dithmenos
Elyvilon
Fedhas
Gozag
Kikubaaqudgha
Makhleb
Nemelex Xobeh
Qazlal
Ru
Sif Muna
Trog
Vehumet
Xom
Yredelemnul
Zin
The Shining One
Beogh


Innate Abilities, Weirdness & Mutations

((You are quick and stealthy near water. (Stealth+, EV+, Speed+++)))
Your lower body shifts to a powerful aquatic tail in water.


Message History

You bump into the rock wall.
Something hits you.
You completely miss something.
The orc wizard seems less confused.
Something hits you but does no damage.
You bump into the rock wall.
Something hits you.
You are electrocuted!
You closely miss something.
You feel less confused. Something hits you.
You are electrocuted!
Something hits you.
You miss something. Something hits you.
* * * LOW HITPOINT WARNING * * *
Something hits you.
* * * LOW HITPOINT WARNING * * *
You are electrocuted!
* * * LOW HITPOINT WARNING * * *
You feel much better.
The orc wizard casts a spell.
The orc wizard flickers and vanishes!
Something hits you.
You closely miss something. Something barely misses you.
You hear some strange, mumbled words.
A magic dart appears from out of thin air!
The magic dart hits you!
You closely miss something.
An orc wizard appears from thin air!
Reactivating autopickup.
The orc wizard hits you but does no damage.
You slash the orc wizard!
Your weapon exudes an aura of protection.
The orc wizard is heavily wounded.
The orc wizard hits you with a +0 dagger of electrocution.
The orc wizard barely misses you.
You closely miss the orc wizard.
The orc wizard is heavily wounded.
The orc wizard hits you with a +0 dagger of electrocution.
The orc wizard mumbles some strange words.
The orc wizard flickers and vanishes!
Deactivating autopickup; reactivate with Ctrl-A.
You closely miss something. Something hits you.
You are electrocuted!
* * * LOW HITPOINT WARNING * * *
Something hits you.
* * * LOW HITPOINT WARNING * * *
You are electrocuted!!
You die...

###.....).........#.#
#####.#..##
###.######.#.#..#.#.#
#...†....# ....#
#........#.#
#.###.##.# #####
###....#.#)#
#.###....# #......#.#
#....##### ##.##.##.#
####.# #...{...#
#..#.# ####{####
#..#.# #@# ####....#
#.# #.....### #.#
#.##### #.# #.#
#.###.# #.....#
#######


There were no monsters in sight!

Vanquished Creatures
  Sigmund (D:3)
  2 ogres (D:5)
  2 necrophages (D:4)
  A water moccasin skeleton (D:4)
  A bullfrog zombie (D:5)
  An orc priest (D:3)
  A hound (D:5)
  A centaur skeleton (D:5)
  A bullfrog skeleton (D:4)
  3 iguanas
  4 orc wizards
  3 adders
  3 gnolls (D:2)
  A white imp (D:5)
  A worm (D:3)
  2 dart slugs (D:2)
  9 orcs
  9 ball pythons
  5 endoplasms
  2 giant cockroaches (D:2)
  14 goblins
  11 hobgoblins
  4 quokkas
  3 bats
  3 frilled lizards
  6 kobolds
  A quokka skeleton (D:4)
  5 rats
100 creatures vanquished.

Notes
Turn   | Place    | Note
-------+----------+-------------------------------------------
     0 | D:1      | ZARRMARR the Merfolk Ice Elementalist began the quest for
                  | the Orb.
     0 | D:1      | Reached XP level 1. HP: 13/13 MP: 3/3
   248 | D:1      | Reached XP level 2. HP: 19/19 MP: 3/5
   364 | D:1      | Found a faded altar of an unknown god.
   794 | D:2      | Reached skill level 5 in Ice Magic
   794 | D:2      | Reached XP level 3. HP: 24/24 MP: 2/6
  1122 | D:2      | Reached XP level 4. HP: 27/30 MP: 2/8
  1421 | D:2      | Reached skill level 1 in Throwing
  2600 | D:3      | Reached XP level 5. HP: 22/35 MP: 5/9
  3179 | D:3      | Reached skill level 6 in Ice Magic
  3179 | D:3      | Reached XP level 6. HP: 41/41 MP: 7/12
  3272 | D:3      | Noticed Sigmund
  3297 | D:3      | Killed Sigmund
  3670 | D:4      | HP: 2/41 [iguana (3)]
  3676 | D:4      | Reached XP level 7. HP: 19/47 MP: 9/13
  4076 | D:4      | Found an ancient bone altar of Kikubaaqudgha.
  4104 | D:4      | Reached skill level 1 in Polearms
  4503 | D:4      | Reached skill level 1 in Fighting
  5010 | D:5      | Entered Level 5 of the Dungeon
  5358 | D:5      | Reached skill level 7 in Ice Magic
  5427 | D:5      | Learned a level 3 spell: Frozen Ramparts
  5606 | D:5      | Found a staircase to the Ecumenical Temple.
  5688 | Temple   | Entered the Ecumenical Temple
  5781 | Temple   | Became a worshipper of Ru the Awakened
  5890 | Temple   | Fell from the grace of Ru
  5890 | Temple   | Became a worshipper of Sif Muna the Loreminder
  5946 | D:5      | Reached XP level 8. HP: 56/56 MP: 15/15
  6137 | D:4      | Mangled by an orc wizard

Illustrated notes

Levels and vault maps discovered:
D:1:      lemuel_arrival_broad_hall, layout_rooms, basic_ecumenical_altar,
          minivault_5
D:2:      layout_rooms, grunt_decor_mini_mirrors, minmay_hedge_maze,
          minmay_misc_feat_hallway, minmay_tromino_v4_a
D:3:      layout_rooms, kennysheep_orc_chapel, uniq_sigmund
D:4:      layout_basic, lemuel_crystal_altar, chequers_jeans
D:5:      layout_loops_ring, minmay_temple_entry_mini_moons,
          ebering_ghost_reflecting_pool, minmay_tree_intersection, nrook_uturn
Temple:   regret_index_temple_sphere_string

Skill      XL: |  1  2  3  4  5  6  7  8 |
---------------+-------------------------+-----
Ice Magic      | 5 6 7 |  7.3
Throwing       | 1 |  1.5
Spellcasting   | 3 4 |  4.9
Dodging        | 3 4 |  4.1
Polearms       | 4 |  4.9
Fighting       | 1 2 |  2.0
Stealth        | 3 |  3.3

Action                   |  1- 3 |  4- 6 |  7- 9 || total
-------------------------+-------+-------+-------++-------
Melee: Unarmed           |     1 |    44 |       ||    45
       Scythe            |       |     7 |    83 ||    90
Throw: Dart              |    46 |    86 |    31 ||   163
       Stone             |       |     1 |     5 ||     6
 Cast: Freeze            |    38 |    67 |    29 ||   134
  Use: Scroll            |     1 |       |     1 ||     2
       Potion            |       |     2 |     1 ||     3
 Stab: Sleeping          |       |     1 |     4 ||     5
Armor: Robe              |     8 |    11 |    39 ||    58
Dodge: Dodged            |    12 |    47 |    87 ||   146
